Map: [EWC] Site Delta

Players

herO

  • Race: Protoss Protoss
  • Spawn Location: 5:00

Cure - Winner!

  • Race: Terran Terran
  • Spawn Location: 11:00

Event: Esports World Cup 2024

VOD

Have the link to the VOD?

Description

Time

  • Played on: Aug. 16, 2024, 6:28 a.m.
  • Length: 8:23

All games in this series

Show
View Real Time Build Order
Export as new Build Order

herO Protoss 

Build Orders: 1 Gate Expand, Phoenix Opening, Colossus Rush 

Get SALT Encoding   

  12  0:00  Probe  
  13  0:12  Probe  
  14  0:17  Pylon  
  14  0:24  Probe (Chrono Boost)  
  15  0:36  Probe (Chrono Boost)  
  15  0:38  Gateway  
  16  0:44  Probe (Chrono Boost)  
  16  0:46  Assimilator  
  17  0:51  Probe  
  18  1:03  Probe  
  19  1:15  Probe  
  20  1:22  Nexus  
  20  1:31  Cybernetics Core  
  20  1:34  Probe  
  21  1:40  Assimilator  
  21  1:46  Probe  
  22  1:50  Pylon  
  22  1:58  Probe  
  23  2:05  Stalker (Chrono Boost)  
  25  2:09  Warp Gate  
  25  2:11  Probe  
  25  2:14  Pylon  
  26  2:23  Probe  
  26  2:27  Sentry (Chrono Boost)  
  29  2:35  Probe x2  
  31  2:37  Shield Battery  
  31  2:47  Probe x2  
  31  2:48  Stalker (Chrono Boost)  
  35  2:56  Phoenix  
  35  2:58  Stargate  
  35  2:59  Probe  
  35  3:02  Probe  
  37  3:10  Stalker  
  39  3:13  Probe (Chrono Boost)  
  39  3:14  Probe (Chrono Boost)  
  40  3:25  Probe (Chrono Boost)  
  40  3:26  Probe (Chrono Boost)  
  42  3:31  Gateway  
  44  3:34  Probe x2 (Chrono Boost)  
  44  3:40  Probe x2  
  44  3:42  Phoenix (Chrono Boost)  
  48  3:52  Pylon  
  48  3:54  Probe x2  
  50  3:59  Phoenix (Chrono Boost)  
  50  4:00  Assimilator  
  52  4:04  Assimilator  
  52  4:06  Probe x2  
  54  4:11  Robotics Facility  
  54  4:15  Pylon  
  54  4:18  Probe x2  
  56  4:25  Phoenix (Chrono Boost)  
  56  4:26  Pylon  
  58  4:32  Probe x2  
  60  4:42  Nexus  
  60  4:56  Probe x2  
  61  5:03  Immortal (Chrono Boost)  
  65  5:08  Probe x2  
  65  5:09  Robotics Bay  
  65  5:14  Shield Battery  
  67  5:17  Pylon  
  67  5:20  Probe  
  67  5:21  Probe  
  69  5:26  Sentry  
  71  5:29  Gateway, Sentry  
  71  5:32  Pylon  
  71  5:33  Probe x2  
  71  5:35  Observer  
  75  5:37  Pylon  
  75  5:38  Pylon  
  76  5:46  Shield Battery  
  76  5:47  Probe  
  76  5:48  Probe  
  78  5:53  Colossus (Chrono Boost)  
  84  6:00  Shield Battery  
  84  6:06  Stalker x2  
  84  6:07  Probe x2  
  84  6:08  Probe  
  90  6:24  Extended Thermal Lance, Probe x3  
  91  6:25  Stalker  
  91  6:30  Zealot x2  
  91  6:32  Phoenix (Chrono Boost)  
  88  6:40  Probe  
  88  6:41  Probe x2  
  88  6:45  Colossus (Chrono Boost)  
  95  6:49  Zealot  
  90  6:54  Stalker x2  
  90  6:55  Probe x2  
  90  7:01  Probe  
  90  7:03  Phoenix (Chrono Boost)  
  90  7:07  Probe  
  80  7:18  Zealot x3  
  86  7:24  Phoenix (Chrono Boost)  
  88  7:35  Warp Prism (Chrono Boost)  
  86  7:41  Sentry  
  86  7:42  Zealot, Sentry  
  90  7:45  Probe x3  
  90  7:49  Phoenix  
Show
View Real Time Build Order
Export as new Build Order

Cure Terran - Winner!

Build Orders: Reaper Expand 

Get SALT Encoding   

  12  0:00  SCV  
  13  0:12  SCV  
  14  0:17  Supply Depot  
  14  0:24  SCV  
  15  0:38  SCV  
  15  0:40  Barracks  
  15  0:42  Refinery  
  16  0:50  SCV  
  17  1:02  SCV  
  18  1:15  SCV  
  19  1:28  Orbital Command, Reaper  
  20  1:45  Command Center  
  20  1:50  Supply Depot  
  20  1:54  SCV  
  20  2:00  Marine  
  22  2:06  SCV, Bunker  
  23  2:15  Factory  
  23  2:18  SCV  
  23  2:21  Barracks Reactor  
  24  2:27  Refinery  
  24  2:30  SCV  
  25  2:42  SCV  
  26  2:46  Barracks  
  26  2:54  SCV  
  27  2:59  Starport  
  27  3:02  Orbital Command  
  27  3:03  Widow Mine  
  29  3:07  SCV  
  29  3:09  Marine  
  31  3:18  Marine  
  31  3:19  SCV  
  31  3:24  Widow Mine  
  33  3:28  SCV, Marine  
  33  3:31  SCV  
  33  3:33  Barracks Tech Lab  
  36  3:36  Marine, Medivac  
  36  3:40  Supply Depot, SCV  
  40  3:43  SCV  
  40  3:46  Widow Mine  
  43  3:52  SCV  
  45  3:55  SCV, Marine  
  45  3:57  Stimpack  
  45  4:01  Marine  
  45  4:02  Supply Depot  
  47  4:03  Marine  
  47  4:05  SCV  
  47  4:07  SCV  
  50  4:13  Marine  
  51  4:17  SCV  
  51  4:19  Supply Depot, SCV, Marine  
  51  4:22  Barracks  
  55  4:28  Engineering Bay  
  55  4:30  SCV, Marauder  
  57  4:32  SCV  
  58  4:38  Marine x2  
  58  4:40  Factory Tech Lab  
  58  4:43  Medivac  
  58  4:44  Supply Depot, SCV  
  63  4:46  SCV  
  64  4:56  SCV, Marine x2  
  64  4:58  SCV  
  66  5:02  Marine  
  66  5:03  Terran Infantry Weapons Level 1  
  66  5:04  Refinery  
  63  5:08  SCV  
  63  5:10  SCV, Factory Reactor  
  63  5:13  Supply Depot, Medivac  
  63  5:14  Marine x2  
  65  5:17  Marine  
  65  5:20  SCV  
  69  5:22  Combat Shield, SCV  
  70  5:28  Refinery  
  70  5:29  Marine  
  70  5:32  SCV, Marine x2  
  70  5:34  SCV  
  70  5:35  Supply Depot, Marine  
  76  5:38  Supply Depot  
  76  5:45  SCV  
  76  5:46  SCV  
  76  5:48  Marauder  
  76  5:49  Marine x2  
  80  5:53  Marauder  
  80  5:54  Command Center  
  84  6:00  Factory Reactor  
  84  6:02  Supply Depot  
  84  6:08  Medivac  
  84  6:09  SCV x2, Marauder, Medivac  
  91  6:20  Marine x2  
  91  6:21  Marauder  
  91  6:27  SCV x2  
  91  6:31  Marauder  
  92  6:38  Marine x2  
  94  6:41  Medivac x2  
  94  6:42  Marauder  
  94  6:44  Barracks  
  94  6:46  Barracks  
  100  6:52  Marauder  
  101  6:56  Marine x2  
  98  7:02  Widow Mine x2  
  98  7:04  Marauder  
  100  7:14  Marine x2, Marauder, Medivac x2  
  102  7:18  Concussive Shells  
  102  7:20  Orbital Command, SCV x2  
  102  7:25  Marauder  
  102  7:29  Widow Mine  
  105  7:30  Widow Mine  
  105  7:34  Marine x2  
  105  7:35  Marauder  
  107  7:40  Barracks Tech Lab, Barracks Reactor  
  107  7:42  SCV x2  
  107  7:44  Viking  
  111  7:46  Marauder  
  113  7:52  Widow Mine x2, Viking  
  113  7:56  Marauder  
Tags
 
Add a new tag
Caveats
  • Supply blocks, unpowered buildings, or Contaminate may cause inaccurate times.
  • Supply counts are checked every 10 seconds.